 Dungeon Crawl Stone Soup version 0.23-a0-844-gdc03e01 (webtiles) character file.

16 Amnesiac the Digger (level 2, -1/20 HPs)
             Began as a Ghoul Earth Elementalist on Jan 26, 2019.
             Slain by a worm (3 damage)
             ... on level 2 of the Dungeon.
             The game lasted 00:01:05 (324 turns).

Amnesiac the Digger (Ghoul Earth Elementalist)       Turns: 324, Time: 00:01:06

Health: -1/20      AC:  2    Str: 11    XL:     2   Next: 58%
Magic:  4/4        EV: 12    Int: 10    God:
Gold:   20         SH:  0    Dex:  9    Spells: 4/5 levels left

rFire    . . .     SeeInvis .   (no weapon)
rCold    + . .     Gourm    .   (no shield)
rNeg     + + +     Faith    .   c - +0 robe
rPois    ∞         Spirit   .   (no helmet)
rElec    .         Reflect  .   (no cloak)
rCorr    .         Harm     .   (no gloves)
MR       .....                  (no boots)
Stlth    ++........             (no amulet)
HPRegen  0.00/turn              (no ring)
MPRegen  0.09/turn              (no ring)

@: rotting
A: rotting body, claws 1, carnivore, cold resistance 1, negative energy
resistance 3, inhibited regeneration, torment resistance, unbreathing
a: no special abilities


You were on level 2 of the Dungeon.
You were not hungry.

You visited 1 branch of the dungeon, and saw 2 of its levels.

You collected 20 gold pieces.

Inventory:

Missiles
 b - 30 stones (quivered)
Armour
 c - a +0 robe (worn)
Potions
 a - a potion of berserk rage {!q, unknown}
Comestibles
 d - a ration
 f - 2 chunks of flesh


   Skills:
 - Level 1.7 Dodging
 - Level 2.1 Stealth
 + Level 2.1 Spellcasting
   Level 0.8 Transmutations
 * Level 4.0 Earth Magic


You had 4 spell levels left.
You knew the following spells:

 Your Spells              Type           Power        Failure   Level  Hunger
a - Sandblast             Erth           #.....       6%          1    ##.....

Your spell library contained the following spells:

 Spells                   Type           Power        Failure   Level  Hunger
 Passwall                 Tmut/Erth      #.......     17%         2    ###....
 Stone Arrow              Conj/Erth      #.....       38%         3    ####...
 Petrify                  Tmut/Erth      #.......     75%         4    #####..
 Lee's Rapid Deconstruct  Erth           #.........   86%         5    ######.


Dungeon Overview and Level Annotations

Branches:
Dungeon (2/15)

Altars:


Innate Abilities, Weirdness & Mutations

Your body is rotting away.
You thrive on raw meat.
You are immune to poison.
You have sharp fingernails.
You are carnivorous and can eat meat at any time.
Your flesh is cold resistant. (rC+)
You are immune to negative energy. (rN+++)
You do not regenerate when monsters are visible.
You are immune to unholy pain and torment.
You can survive without breathing.


Message History

You closely miss the kobold.
The kobold is severely wounded.
The kobold closely misses you.
You scratch the kobold.
You kill the kobold!
A frilled lizard and a worm come into view.
Things that are here:
a +0 short sword; 14 stones; a kobold corpse
There are monsters nearby!
There are monsters nearby!
There are monsters nearby!
You enter the shallow water.
The frilled lizard hisses angrily.
The frilled lizard misses you. The frilled lizard barely misses you.
What are your orders? t - Shout!
Orders for allies: a - Attack new target. r - Retreat! s - Stop attacking. g - Guard the area. f - Follow me.
Anything else - Cancel.
You shout for attention!
The frilled lizard barely misses you.
Things that are here:
a +0 short sword; 14 stones; a kobold corpse You barely miss the frilled lizard.
The frilled lizard barely misses you.
You completely miss the frilled lizard. The frilled lizard barely misses you.
You scratch the frilled lizard.
You kill the frilled lizard!
Your Earth Magic skill increases to level 4!
You swing at nothing.
You swing at nothing.
You swing at nothing.
You swing at nothing.
You barely miss the worm. You scratch the worm.
The worm is lightly wounded.
You barely miss the worm.
The worm is lightly wounded.
The worm bites you!
You scratch the worm.
The worm is moderately wounded.
The worm bites you but does no damage.
You completely miss the worm.
The worm is lightly wounded.
A rat comes into view.
You scratch the worm.
The worm is moderately wounded.
The worm closely misses you.
You scratch the worm.
The worm is heavily wounded.
You completely miss the worm.
The worm is heavily wounded.
The worm closely misses you.
You scratch the worm.
The worm is severely wounded.
The worm bites you!
Ouch! That really hurt!
* * * LOW HITPOINT WARNING * * *
You scratch the worm.
The worm is almost dead.
You scratch the worm.
The worm is almost dead.
The worm bites you.
You die...

# ##....# #.
#..#..# #. #.##..#
##.##.#######.##..#
.....(....##......#
#.. ♣≈÷..#......##
#...≈♣...#.#...##
♣P..P♣♣..(.....#
♣≈≈..PP♣♣@.....##
P≈≈≈..≈≈w♣.....#
≈P...≈≈≈r♣♣#.#.#
P≈.≈..≈≈P♣ #.#.#
P≈...≈P♣♣ .#.#
≈♣≈..≈P .# P≈....≈
≈P≈...≈ P≈...≈≈


You could see a worm and a rat.

Vanquished Creatures
  3 dart slugs
  2 goblins (D:2)
  A hobgoblin (D:2)
  A bat (D:1)
  3 frilled lizards
  A kobold (D:2)
  A rat (D:1)
12 creatures vanquished.

Notes
Turn   | Place    | Note
-------+----------+-------------------------------------------
     0 | D:1      | Amnesiac the Ghoul Earth Elementalist began the quest for
                  | the Orb.
     0 | D:1      | Reached XP level 1. HP: 14/14 MP: 2/2
    96 | D:1      | Reached XP level 2. HP: 8/20 MP: 4/4
   309 | D:2      | Reached skill level 4 in Earth Magic
   324 | D:2      | Slain by a worm

Vault maps used:
D:1:      shiori_arrival_oz
D:2:      serial_bayou_ford_a, serial_bayou_pond_c, uniq_terence, uniq_robin,
          uniq_jessica

Skill      XL: |  1  2 |
---------------+-------+-----
Spellcasting   | 2 |  2.1
Earth Magic    | 4 |  4.0
Dodging        | |  1.7
Stealth        | |  2.1
Transmutations | |  0.8

Action                   || total
-------------------------++-------
Melee: Unarmed           ||    67
 Stab: Sleeping          ||     1
  Eat: Chunk             ||     8
Armor: Robe              ||    13
Dodge: Dodged            ||    38

Table legend:
 A = Non-vault XP
 B = Vault XP
 C = Vault XP percentage of total XP
 D = Non-vault monster count
 E = Vault monster count
 F = Vault count percentage of total count
                 A         B        C        D         E       F
            +---------+---------+-------+---------+---------+-------
      Total |      24 |       0 |   0.0 |      12 |       0 |   0.0
            +---------+---------+-------+---------+---------+-------
        D:1 |      11 |       0 |   0.0 |       5 |       0 |   0.0
        D:2 |      13 |       0 |   0.0 |       7 |       0 |   0.0
            +---------+---------+-------+---------+---------+-------
